Workbook

Sheet SMMLV
C3: AÑO | D3: VALOR SMMLV | I3: HABIL | K3: CUMPLE
C4: 2024 | D4: 1300000 | I4: NO HABIL | K4: NO CUMPLE
C5: 2023 | D5: 1160000 | I5: SUBSANAR | K5: N/A
C6: 2022 | D6: 1000000
C7: 2021 | D7: 908526 | I7: PRESENTA | K7: C
C8: 2020 | D8: 877803 | I8: NO PRESENTA | K8: UT
C9: 2019 | D9: 828116 | I9: N/A | K9: I
C10: 2018 | D10: 781242
C11: 2017 | D11: 737717
C12: 2016 | D12: 689455 | I12: CUMPLE
C13: 2015 | D13: 644350 | I13: NO CUMPLE
C14: 2014 | D14: 616000 | I14: CONSULTADO ENTIDAD
C15: 2013 | D15: 589500
C16: 2012 | D16: 566700
C17: 2011 | D17: 535600
C18: 2010 | D18: 515000
C19: 2009 | D19: 496900
C20: 2008 | D20: 461500
C21: 2007 | D21: 433700
C22: 2006 | D22: 408000
C23: 2005 | D23: 381500
C24: 2004 | D24: 358000
C25: 2003 | D25: 332000
C26: 2002 | D26: 309000
... C32: 1996 | D32: 142125

Sheet INFORMACION
B2: INFORMACIÓN GENERAL
B3: Número del proceso | C3: INFI S.A001-2026
B4: Objeto | C4: Realizar el mantenimiento de las zonas verdes, poda y limpieza del cerramiento perimetral, jardines, canales de drenajes de aguas lluvias y servicios generales en el aeropuerto La Nubia de Manizales, Caldas
B5: Presupuesto Oficial | C5: 384279332 | D5: =+C5*30% -> 1.152838e+08
B6: Plazo (Meses) | C6: 9
B7: Apertura del Proceso | C7: 46058
B8: Cierre del proceso | C8: 46077
B10: REQUISITOS FINANCIEROS HABILITANTES
B11: Liquidez Activo corriente/Pasivo Corriente ≥ 1.2 | C11: 1.2
B12: Nivel de endeudamiento Pasivo Total/Activo Total ≤ 0.70 | C12: 0.7
B13: Razón cobertura de intereses Utilidad operacional/gastos de intereses ≥ 1.0 | C13: 1
B14: Capital de trabajo CT = AC - PC ≥ CTd | C14: =+(C5-0)*33% -> 1.2681218e+08
B16: REQUISITOS ORGANIZACIONALES HABILITANTES
B17: Rentabilidad del patrimonio (ROE) Utilidad operacional/Patrimonio ≥ 0,02 | C17: 0.02
B18: Rentabilidad del activo (ROA) Utilidad operacional/Activo total ≥ 0,01 | C18: 0.01
B20: CRITERIOS DE CALIFICACIÓN DE LA EXPERIENCIA
B21: Presupuesto Oficial SMMLV | C21: =ROUND(C5/1750905,2) -> 219.47
B22: 30% Presupuesto Oficial SMMLV | C22: =+ROUND(C21*30%,2) -> 65.84
B24: EXPERIENCIA GENERAL | C24: OBRAS DE CONSTRUCCIÓN O CONFORMACIÓN O ADECUACIÓN O NIVELACIÓN O CONSERVACION O MANTENIMIENTO DE: FRANJAS DE SEGURIDAD O CANALES O DRENAJES.
B25: EXPERIENCIA ESPECIFICA | C25: El valor del contrato en SMMLV de UNO (1) de los contratos válidos aportados para la acreditación de la experiencia general, deberá ser igual o mayor al 30% del valor del PRESUPUESTO OFICIAL (PO) del presente Proceso de Contratación. Por lo menos uno (1) de los contratos válidos aportados como experiencia general deberá acreditar la CONSTRUCCION O CONFORMACION O ADECUACION O MANTENIMIENTO O NIVELACIÓN DE: FRANJAS DE SEGURIDAD O ROCERIAS DE FRANJAS DE SEGURIDAD.

Sheet CIERRE
B3: No. | C3: PROPONENTE | D3: REPRESENTANTE LEGAL | E3: CONFORMACION CONSORCIO | F3: %
B4: 1 | C4: JULIAN ANDRES GOMEZ RAMIREZ | D4: JULIAN ANDRES GOMEZ RAMIREZ | E4: N/A | F4: 1 | G4: =SUMIF(EXPERIENCIA!C:C,E4,EXPERIENCIA!N:N) -> 0
B5: 2 | C5: BIOSERVICIOS S.A.S. | D5: VICTOR HUGO URIBE CANO | E5: N/A | F5: 1 | G5: =SUMIF(EXPERIENCIA!C:C,E5,EXPERIENCIA!N:N) -> 0
B6: 3 | C6: INGEVIAL PYM S.A.S. | D6: FLOR MARIA OROZCO PUERTA | E6: N/A | F6: 1 | G6: =SUMIF(EXPERIENCIA!C:C,E6,EXPERIENCIA!N:N) -> 0
B7: 4 | C7: GRUPO YACAR INGENIERIA S.A.S | D7: CARLOS ARTURO JIMENEZ ALVARADO | E7: N/A | F7: 1

Sheet CAPACIDAD JURIDICA
AE1: =+INFORMACION!C5*10% -> 38427933
A2: No. | B2: PROPONENTE | C2: CARTA PRESENTACIÓN | I2: CONFORMACIÓN CONSORCIAL | N2: CERTIFICADO DE EXISTENCIA Y REPRESENTACIÓN LEGAL | X2: CERTIFICADO DE INSCRIPCIÓN EN EL REGISTRO UNICO DE PROPONENTES (RUP) | AC2: GARANTIA DE SERIEDAD DE LA OFERTA | AG2: OTROS DOCUMENTOS | AP2: HABIL / NO HABIL / SUBSANAR | AQ2: OBSERVACIONES
C3: PRESENTA | D3: REPRESENTANTE LEGAL | E3: INGENIERO QUE AVALA LA PROPUESTA (Nombre) Si es el mismo representante legal, repetir nombre | F3: MATRICULA PROFESIONAL (No. de la Tarjeta) | G3: CERTIFICADO COPNIA (Presenta/no presenta) | H3: VIGENCIA CERTIFICADO (Fecha Expedición) | I3: PRESENTA | J3: TIPO (C/UT/I) | K3: DURACION (CUMPLE / NO CUMPLE) | L3: NOMBRE | M3: % PARTICIPACIÓN | N3: PRESENTA | O3: FECHA DE EXPEDICIÓN | P3: DOMICILIO (Ciudad) | Q3: OBJETO SOCIAL | R3: DURACIÓN DE LA SOCIEDAD | S3: REPRESENTANTE LEGAL | T3: LIMITACIONES AL REPRESENTANTE LEGAL | U3: AUTORIZACIÓN DEL ORGANO SOCIAL | V3: NOMBRAMIENTO DEL REVISOR FISCAL | W3: FOTOCOPIA CÉDULA DEL REPRESENTANTE LEGAL | X3: PRESENTA | Y3: FECHA DE EXPEDICIÓN (dd/mm/aaaa) | Z3: SANCIONES CONSIGNADAS EN EL RUP | AA3: RENOVADO | AB3: FIRMEZA RUP | AC3: TOMADOR | AD3: VIGENCIA (HASTA) (DD/MM/AAAA) | AE3: VALOR (10% DEL LOTE DE MAYOR VALOR AL QUE SE PRESENTA) ($) | AF3: BENEFICIARIO INFICALDAS | AG3: CERTIFICADO DE ANTECEDENTES FISCALES DE LA CONTRALORIA GENERAL DE LA REPUBLICA | AH3: CERTIFICADO DE ANTECEDENTES DISCIPLINARIOS DE LA PROCURADURIA GENERAL DE LA NACION | AI3: CERTIFICADO DE ANTECEDENTES JUDICIALES | AJ3: CERTIFICADO DE MEDIDAS CORRECTIVAS | AK3: CERTIFICACIÓN DE PAGOS DE SEGURIDAD SOCIAL Y APORTES PARAFISCALES | AL3: PACTO DE TRANSPARENCIA | AM3: COPIA TARJETA PROFESIONAL CONTADOR O REVISOR FISCAL | AN3: ANTECEDENTES DISCIPLINARIOS JCC | AO3: CERTIFICADO REDAM
A4: 1 | B4: =IFERROR(VLOOKUP(A4,CIERRE!$B:$E,2,FALSE),"") -> JULIAN ANDRES GOMEZ RAMIREZ | C4: PRESENTA | D4: JULIAN ANDRÉZ GÓMEZ RAMÍREZ | E4: JULIAN ANDRÉZ GÓMEZ RAMÍREZ | F4: 17202091360CLD | G4: PRESENTA | H4: 45936 | I4: N/A | J4: I | K4: N/A | L4: N/A | M4: 0 | N4: N/A | O4: N/A | P4: N/A | Q4: CUMPLE | R4: CUMPLE | S4: JULIAN ANDRES GOMEZ RAMIREZ | T4: N/A | U4: N/A | V4: N/A | W4: PRESENTA | X4: PRESENTA | Y4: 45946 | Z4: NO PRESENTA | AA4: CUMPLE | AB4: CUMPLE | AC4: JULIAN ADNRÉS GÓMEZ RAMÍRE | AD4: 46152 | AE4: 38427933 | AF4: CUMPLE | AG4: CONSULTADO ENTIDAD | AH4: CONSULTADO ENTIDAD | AI4: CONSULTADO ENTIDAD | AJ4: CONSULTADO ENTIDAD | AK4: CUMPLE | AL4: NO CUMPLE | AM4: N/A | AN4: N/A | AO4: NO CUMPLE | AP4: SUBSANAR | AQ4: El proponente deberá subsanar su RUP toda vez que la fecha de expedición del mismo supera los 30 días al cierre del proceso, de igual forma el proponente debe presentar REDAM vigente
A5: 2 | B5: =IFERROR(VLOOKUP(A5,CIERRE!$B:$E,2,FALSE),"") -> BIOSERVICIOS S.A.S. | C5: PRESENTA | D5: VICTOR HUGO URIBE CANO | E5: JHON JAMES OROCO MARULANDA | F5: 17202770454CLD | G5: PRESENTA | H5: 46072 | I5: N/A | J5: I | K5: N/A | L5: N/A | M5: 0 | N5: N/A | O5: N/A | P5: MANIZALES | Q5: CUMPLE | R5: CUMPLE | S5: VICTOR HUGO URIBE CANO | T5: NO PRESENTA | U5: N/A | V5: CUMPLE | W5: PRESENTA | X5: PRESENTA | Y5: 46063 | Z5: NO PRESENTA | AA5: CUMPLE | AB5: CUMPLE | AC5: BIOSERVICIOS S.A.S | AD5: 46173 | AE5: 38427933 | AF5: CUMPLE | AG5: CONSULTADO ENTIDAD | AH5: CONSULTADO ENTIDAD | AI5: CONSULTADO ENTIDAD | AJ5: CONSULTADO ENTIDAD | AK5: CUMPLE | AL5: CUMPLE | AM5: CUMPLE | AN5: CUMPLE | AO5: CUMPLE | AP5: HABIL
A6: 3 | B6: =IFERROR(VLOOKUP(A6,CIERRE!$B:$E,2,FALSE),"") -> INGEVIAL PYM S.A.S. | C6: PRESENTA | D6: FLOR MARIA OROZCO PUERTA | E6: ALEXANDER GARCÍA OROZCO | F6: 091037-0755809 CND | G6: PRESENTA | H6: 46076 | I6: N/A | J6: I | K6: N/A | L6: N/A | M6: 0 | N6: N/A | O6: N/A | P6: MANIZALES | Q6: CUMPLE | R6: CUMPLE | S6: FLOR MARIA OROZCO PUERTA | T6: NO PRESENTA | U6: N/A | V6: N/A | W6: PRESENTA | X6: PRESENTA | Y6: 45929 | Z6: NO PRESENTA | AA6: CUMPLE | AB6: CUMPLE | AC6: INGEVIAL PYM S.A.S | AD6: 46178 | AE6: 38428000 | AF6: CUMPLE | AG6: CONSULTADO ENTIDAD | AH6: CONSULTADO ENTIDAD | AI6: CONSULTADO ENTIDAD | AJ6: CONSULTADO ENTIDAD | AK6: CUMPLE | AL6: NO CUMPLE | AM6: N/A | AN6: N/A | AO6: CUMPLE | AP6: SUBSANAR | AQ6: El proponente deberá subsanar su RUP toda vez que la fecha de expedición del mismo supera los 30 días al cierre del proceso
A7: 4 | B7: =IFERROR(VLOOKUP(A7,CIERRE!$B:$E,2,FALSE),"") -> GRUPO YACAR INGENIERIA S.A.S | C7: PRESENTA | D7: CARLOS ARTURO JIMENEZ ALVARADO | E7: ARTURO JURADO ALVARAN | F7: 17202098960CLD | G7: PRESENTA | H7: 46076 | I7: N/A | J7: I | K7: N/A | L7: N/A | M7: 0 | N7: N/A | O7: N/A | P7: MANIZALES | Q7: CUMPLE | R7: CUMPLE | S7: CARLOS ARTURO JIMENEZ ALVARADO | T7: NO PRESENTA | U7: N/A | V7: N/A | W7: PRESENTA | X7: PRESENTA | Y7: 46076 | Z7: NO PRESENTA | AA7: CUMPLE | AB7: CUMPLE | AC7: GRUPO YACAR INGENIERIA S.A.S | AD7: 46178 | AE7: 38427933 | AF7: CUMPLE | AG7: CUMPLE | AH7: CUMPLE | AI7: CUMPLE | AJ7: CUMPLE | AK7: CUMPLE | AL7: CUMPLE | AM7: N/A | AN7: N/A | AO7: CUMPLE | AP7: HABIL

Sheet CAPACIDAD FINANCIERA
L1: =+INFORMACION!C14 -> 1.2681218e+08
A2: No. | B2: Proponente | C2: Conformación consorcial | D2: % participación | E2: Certificación MIPYME | F2: Informacion Financiera | L2: CAPACIDAD FINANCIERA | Q2: CAPACIDAD ORGANIZACIONAL | S2: CAPACIDAD FINANCIERA | T2: CAPACIDAD ORGANIZACIONAL | U2: CAPACIDAD RESIDUAL | V2: Observaciones
F3: Activo Corriente | G3: Activo Total | H3: Pasivo Corriente | I3: Pasivo Total | J3: Utilidad operacional | K3: Gastos de intereses | L3: CAPITAL DE TRABAJO | M3: LIQUIDEZ | N3: NIVEL DE ENDEUDAMIENTO | O3: RAZON DE COBERTURA DE INTERESES | P3: PATRIMONIO | Q3: RENTABILIDAD SOBRE PATRIMONIO | R3: RENTABILIDAD SOBRE ACTIVOS
A4: 1 | B4: =IFERROR(VLOOKUP(A4,CIERRE!$B:$E,2,FALSE),"") -> JULIAN ANDRES GOMEZ RAMIREZ | C4: N/A | D4: 1 | E4: CUMPLE | F4: 379358377 | G4: 1203843523 | H4: 125334 | I4: 34776421 | J4: 313247992 | K4: 2951034 | L4: =($F4-$H4) -> 379233043 | M4: =IFERROR(((F4))/((H4)),0) -> 3026.7795 | N4: =IFERROR(((I4))/((G4)),0) -> 0.028887825 | O4: =IFERROR(((J4))/((K4)),0) -> 106.14855 | P4: =+G4-I4 -> 1169067102 | Q4: =IFERROR(((J4))/((P4)),0) -> 0.26794697 | R4: =IFERROR(((J4))/((G4)),0) -> 0.26020657 | S4: SUBSANAR | T4: SUBSANAR | U4: SUBSANAR | V4: El RUP de JULIAN ANDRES GOMEZ RAMIREZ se encuentra fuera de vigencia de acuerdo con el pliego de condiciones El certificado de la junta central de contadores de Liliana Marcela Carvajal Salgado se encuentra fuera de vigencia. El certificado de la junta central de contadores de Sandra Milena Restrepo Betancourt se encuentra fuera de vigencia
A5: 2 | B5: =IFERROR(VLOOKUP(A5,CIERRE!$B:$E,2,FALSE),"") -> BIOSERVICIOS S.A.S. | C5: N/A | D5: 1 | E5: CUMPLE | F5: 4353569214 | G5: 4894404877 | H5: 1860076449 | I5: 2230416086 | J5: 358209937 | K5: 32451000 | L5: =($F5-$H5) -> 2493492765 | M5: =IFERROR(((F5))/((H5)),0) -> 2.3405324 | N5: =IFERROR(((I5))/((G5)),0) -> 0.45570731 | O5: =IFERROR(((J5))/((K5)),0) -> 11.038487 | P5: =+G5-I5 -> 2663988791 | Q5: =IFERROR(((J5))/((P5)),0) -> 0.13446376 | R5: =IFERROR(((J5))/((G5)),0) -> 0.073187639 | S5: HABIL | T5: HABIL | U5: SUBSANAR | V5: El proponente presenta formato para el calculo de la capacidad residual denominado contratos en ejecucion el cual los contratos que presentan estan vencidos en muchos de los casos y no presenta los contratos que en realidad a la fecha del dia de hoy estan en ejecucion
A6: 3 | B6: =IFERROR(VLOOKUP(A6,CIERRE!$B:$E,2,FALSE),"") -> INGEVIAL PYM S.A.S. | C6: N/A | D6: 1 | E6: CUMPLE | F6: 1598571100 | G6: 2687248735 | H6: 57760459 | I6: 57760459 | J6: 2118124201 | K6: 1920000 | L6: =($F6-$H6) -> 1540810641 | M6: =IFERROR(((F6))/((H6)),0) -> 27.675873 | N6: =IFERROR(((I6))/((G6)),0) -> 0.021494273 | O6: =IFERROR(((J6))/((K6)),0) -> 1103.1897 | P6: =+G6-I6 -> 2629488276 | Q6: =IFERROR(((J6))/((P6)),0) -> 0.80552715 | R6: =IFERROR(((J6))/((G6)),0) -> 0.78821293 | S6: SUBSANAR | T6: SUBSANAR | U6: SUBSANAR | V6: El RUP de INGEVIAL PYM S.A.S se encuentra fuera de vigencia de acuerdo con el pliego de condiciones
A7: 4 | B7: =IFERROR(VLOOKUP(A7,CIERRE!$B:$E,2,FALSE),"") -> GRUPO YACAR INGENIERIA S.A.S | C7: N/A | D7: 1 | E7: CUMPLE | F7: 1075445000 | G7: 1140470000 | H7: 22310000 | I7: 22310000 | J7: 118160000 | K7: 0 | L7: =($F7-$H7) -> 1053135000 | M7: =IFERROR(((F7))/((H7)),0) -> 48.204617 | N7: =IFERROR(((I7))/((G7)),0) -> 0.01956211 | O7: =IFERROR(((J7))/((K7)),0) -> 0 | P7: =+G7-I7 -> 1118160000 | Q7: =IFERROR(((J7))/((P7)),0) -> 0.10567361 | R7: =IFERROR(((J7))/((G7)),0) -> 0.10360641 | S7: HABIL | T7: HABIL | U7: HABIL

Sheet EXPERIENCIA
A3: No. | B3: PROPONENTE | C3: NOMBRE | D3: CONTRATANTE | E3: CONTRATO No. | F3: I, C, UT | G3: % (1) | H3: INICIACIÓN (DD/MM/AA) | I3: TERMINACIÓN (DD/MM/AA) | J3: SUSPENSIÓN (MESES) | K3: PLAZO DE EJECUCIÓN (MESES) (2) | L3: VALOR TOTAL DEL CONTRATO INCLUIDAS SUS ADICIONES, AJUSTES Y EL IVA (3) | M3: VALOR TOTAL DEL CONTRATO A CONSIDERAR COMO EXPERIENCIA (4) = (3)*(1) | N3: VALOR FACTURADO ACTUALIZADO SMMLV (VFA) | O3: EXPERIENCIA ESPECÍFICA 1 POR VALOR | P3: OBSERVACIONES | U3: SUSPENSIÓN 1 | W3: SUSPENSIÓN 2 | Y3: SUSPENSIÓN 3 | AA3: SUSPENSIÓN 4
A4: 1 | B4: =IF($A4="","",VLOOKUP($A4,CIERRE!$B:$E,2,FALSE)) -> JULIAN ANDRES GOMEZ RAMIREZ | C4: JULIAN ANDRES GOMEZ RAMIREZ | D4: CORPOCALDAS | E4: 197-2017 | F4: I | G4: 1 | H4: 43034 | I4: 43183 | J4: =+AC4+AD4+AE4+AF4 -> 0 | K4: =IF(H4="",0,ROUND(((((I4-H4)+1)/360)*12)-J4,3)) -> 5 | L4: 518001948 | M4: =ROUND(L4*G4,3) -> 518001948 | N4: =IF(I4="",0,ROUND(M4/VLOOKUP(YEAR(I4),SMMLV!$C$3:$D$32,2,FALSE),2)) -> 663.05 | O4: =IFERROR(N4/(INFORMACION!$C$21),) -> 3.0211418 | P4: El contrato aportado no cumple con el numeral 3.5.2 “CARACTERÍSTICAS DE LOS CONTRATOS PRESENTADOS PARA ACREDITAR LA EXPERIENCIA EXIGIDA”. El contrato aportado para efectos de acreditación de la ejecución de experiencia especifica (Por lo menos uno (1) de los contratos válidos aportados como experiencia general deberá acreditar la CONSTRUCCION O CONFORMACION O ADECUACION O MANTENIMIENTO O NIVELACIÓN DE: FRANJAS DE SEGURIDAD O ROCERIAS DE FRANJAS DE SEGURIDAD.). No cumple | AC4: =IF(U4="",0,ROUND((((V4-U4)+1)/30),3)) -> 0 | AD4: =IF(W4="",0,ROUND((((X4-W4)+1)/30),3)) -> 0 | AE4: =IF(Y4="",0,ROUND((((Z4-Y4)+1)/30),3)) -> 0 | AF4: =IF(AA4="",0,ROUND((((AB4-AA4)+1)/30),3)) -> 0
A5: 1 | B5: =IF($A5="","",VLOOKUP($A5,CIERRE!$B:$E,2,FALSE)) -> JULIAN ANDRES GOMEZ RAMIREZ | C5: JULIAN ANDRES GOMEZ RAMIREZ | D5: CORPOCALDAS | E5: 047-2010 | F5: I | G5: 1 | H5: 40422 | I5: 40563 | J5: =+AC5+AD5+AE5+AF5 -> 0 | K5: =IF(H5="",0,ROUND(((((I5-H5)+1)/360)*12)-J5,3)) -> 4.733 | L5: 146762242 | M5: =ROUND(L5*G5,3) -> 146762242 | N5: =IF(I5="",0,ROUND(M5/VLOOKUP(YEAR(I5),SMMLV!$C$3:$D$32,2,FALSE),2)) -> 274.01 | O5: =IFERROR(N5/(INFORMACION!$C$21),) -> 1.2485078 | P5: El contrato aportado no cumple con el numeral 3.5.2 “CARACTERÍSTICAS DE LOS CONTRATOS PRESENTADOS PARA ACREDITAR LA EXPERIENCIA EXIGIDA”. El contrato aportado para efectos de acreditación de la ejecución de experiencia especifica (Por lo menos uno (1) de los contratos válidos aportados como experiencia general deberá acreditar la CONSTRUCCION O CONFORMACION O ADECUACION O MANTENIMIENTO O NIVELACIÓN DE: FRANJAS DE SEGURIDAD O ROCERIAS DE FRANJAS DE SEGURIDAD.). No cumple | AC5: =IF(U5="",0,ROUND((((V5-U5)+1)/30),3)) -> 0 | AD5: =IF(W5="",0,ROUND((((X5-W5)+1)/30),3)) -> 0 | AE5: =IF(Y5="",0,ROUND((((Z5-Y5)+1)/30),3)) -> 0 | AF5: =IF(AA5="",0,ROUND((((AB5-AA5)+1)/30),3)) -> 0
A6: 2 | B6: =IF($A6="","",VLOOKUP($A6,CIERRE!$B:$E,2,FALSE)) -> BIOSERVICIOS S.A.S. | C6: VICTOR HUGO URIBE CANO | D6: CHEC SA ESP | E6: CT 2015 000125 | F6: I | G6: 1 | H6: 42036 | I6: 43524 | J6: =+AC6+AD6+AE6+AF6 -> 1.633 | K6: =IF(H6="",0,ROUND(((((I6-H6)+1)/360)*12)-J6,3)) -> 48 | L6: 2007282807 | M6: =ROUND(L6*G6,3) -> 2007282807 | N6: =IF(I6="",0,ROUND(M6/VLOOKUP(YEAR(I6),SMMLV!$C$3:$D$32,2,FALSE),2)) -> 2423.92 | O6: =IFERROR(N6/(INFORMACION!$C$21),) -> 11.044425 | U6: 43921 | V6: 43969 | AC6: =IF(U6="",0,ROUND((((V6-U6)+1)/30),3)) -> 1.633 | AD6: =IF(W6="",0,ROUND((((X6-W6)+1)/30),3)) -> 0 | AE6: =IF(Y6="",0,ROUND((((Z6-Y6)+1)/30),3)) -> 0 | AF6: =IF(AA6="",0,ROUND((((AB6-AA6)+1)/30),3)) -> 0
A7: 2 | B7: =IF($A7="","",VLOOKUP($A7,CIERRE!$B:$E,2,FALSE)) -> BIOSERVICIOS S.A.S. | C7: VICTOR HUGO URIBE CANO | D7: INFICALDAS | E7: AA 11 - 2019 | F7: I | G7: 1 | H7: 43497 | I7: 43830 | J7: =+AC7+AD7+AE7+AF7 -> 0 | K7: =IF(H7="",0,ROUND(((((I7-H7)+1)/360)*12)-J7,3)) -> 11.133 | L7: 104020168 | M7: =ROUND(L7*G7,3) -> 104020168 | N7: =IF(I7="",0,ROUND(M7/VLOOKUP(YEAR(I7),SMMLV!$C$3:$D$32,2,FALSE),2)) -> 125.61 | O7: =IFERROR(N7/(INFORMACION!$C$21),) -> 0.57233335
A8: 2 | B8: =IF($A8="","",VLOOKUP($A8,CIERRE!$B:$E,2,FALSE)) -> BIOSERVICIOS S.A.S. | C8: VICTOR HUGO URIBE CANO | D8: INFICALDAS | E8: AA 10 - 2020 | F8: I | G8: 1 | H8: 43862 | I8: 44196 | J8: =+AC8+AD8+AE8+AF8 -> 0 | K8: =IF(H8="",0,ROUND(((((I8-H8)+1)/360)*12)-J8,3)) -> 11.167 | L8: 95592310 | M8: =ROUND(L8*G8,3) -> 95592310 | N8: =IF(I8="",0,ROUND(M8/VLOOKUP(YEAR(I8),SMMLV!$C$3:$D$32,2,FALSE),2)) -> 108.9 | O8: =IFERROR(N8/(INFORMACION!$C$21),) -> 0.49619538
A9: 3 | B9: =IF($A9="","",VLOOKUP($A9,CIERRE!$B:$E,2,FALSE)) -> INGEVIAL PYM S.A.S. | C9: FLOR MARIA OROZCO PUERTA | D9: INFICALDAS | E9: AA 22 - 2024 | F9: I | G9: 1 | H9: 45411 | I9: 45657 | J9: =+AC9+AD9+AE9+AF9 -> 0 | K9: =IF(H9="",0,ROUND(((((I9-H9)+1)/360)*12)-J9,3)) -> 8.233 | L9: 268020160 | M9: =ROUND(L9*G9,3) -> 268020160 | N9: =IF(I9="",0,ROUND(M9/VLOOKUP(YEAR(I9),SMMLV!$C$3:$D$32,2,FALSE),2)) -> 206.17 | O9: =IFERROR(N9/(INFORMACION!$C$21),) -> 0.93939946 | AC9: =IF(U9="",0,ROUND((((V9-U9)+1)/30),3)) -> 0 | AD9: =IF(W9="",0,ROUND((((X9-W9)+1)/30),3)) -> 0 | AE9: =IF(Y9="",0,ROUND((((Z9-Y9)+1)/30),3)) -> 0 | AF9: =IF(AA9="",0,ROUND((((AB9-AA9)+1)/30),3)) -> 0
A10: 4 | B10: =IF($A10="","",VLOOKUP($A10,CIERRE!$B:$E,2,FALSE)) -> GRUPO YACAR INGENIERIA S.A.S | C10: ARTURO JURADO ALVARAN | D10: GOBERNACION DE ANTIOQUIA | E10: 4600002512 | F10: C | G10: 0.5 | H10: 41934 | I10: 42035 | J10: =+AC10+AD10+AE10+AF10 -> 0 | K10: =IF(H10="",0,ROUND(((((I10-H10)+1)/360)*12)-J10,3)) -> 3.4 | L10: 286757091 | M10: =ROUND(L10*G10,3) -> 1.4337855e+08 | N10: =IF(I10="",0,ROUND(M10/VLOOKUP(YEAR(I10),SMMLV!$C$3:$D$32,2,FALSE),2)) -> 222.52 | O10: =IFERROR(N10/(INFORMACION!$C$21),) -> 1.0138971 | P10: El contrato aportado no cumple con el numeral 3.5.2 “CARACTERÍSTICAS DE LOS CONTRATOS PRESENTADOS PARA ACREDITAR LA EXPERIENCIA EXIGIDA”. El contrato aportado para efectos de acreditación de la ejecución de experiencia especifica (Por lo menos uno (1) de los contratos válidos aportados como experiencia general deberá acreditar la CONSTRUCCION O CONFORMACION O ADECUACION O MANTENIMIENTO O NIVELACIÓN DE: FRANJAS DE SEGURIDAD O ROCERIAS DE FRANJAS DE SEGURIDAD.). No cumple | AC10: =IF(U10="",0,ROUND((((V10-U10)+1)/30),3)) -> 0 | AD10: =IF(W10="",0,ROUND((((X10-W10)+1)/30),3)) -> 0 | AE10: =IF(Y10="",0,ROUND((((Z10-Y10)+1)/30),3)) -> 0 | AF10: =IF(AA10="",0,ROUND((((AB10-AA10)+1)/30),3)) -> 0
A11: 4 | B11: =IF($A11="","",VLOOKUP($A11,CIERRE!$B:$E,2,FALSE)) -> GRUPO YACAR INGENIERIA S.A.S | C11: ARTURO JURADO ALVARAN | D11: FONDO DE VALORIZACION DEL MUNICIPIO DE MEDELLIN | E11: 2014-00251 | F11: C | G11: 0.3 | H11: 41961 | I11: 42362 | J11: =+AC11+AD11+AE11+AF11 -> 0 | K11: =IF(H11="",0,ROUND(((((I11-H11)+1)/360)*12)-J11,3)) -> 13.4 | L11: 3073408890 | M11: =ROUND(L11*G11,3) -> 922022667 | N11: =IF(I11="",0,ROUND(M11/VLOOKUP(YEAR(I11),SMMLV!$C$3:$D$32,2,FALSE),2)) -> 1430.93 | O11: =IFERROR(N11/(INFORMACION!$C$21),) -> 6.5199344 | P11: El contrato aportado no cumple con el numeral 3.5.2 “CARACTERÍSTICAS DE LOS CONTRATOS PRESENTADOS PARA ACREDITAR LA EXPERIENCIA EXIGIDA”. El contrato aportado para efectos de acreditación de la ejecución de experiencia especifica (Por lo menos uno (1) de los contratos válidos aportados como experiencia general deberá acreditar la CONSTRUCCION O CONFORMACION O ADECUACION O MANTENIMIENTO O NIVELACIÓN DE: FRANJAS DE SEGURIDAD O ROCERIAS DE FRANJAS DE SEGURIDAD.). No cumple | AC11: =IF(U11="",0,ROUND((((V11-U11)+1)/30),3)) -> 0 | AD11: =IF(W11="",0,ROUND((((X11-W11)+1)/30),3)) -> 0 | AE11: =IF(Y11="",0,ROUND((((Z11-Y11)+1)/30),3)) -> 0 | AF11: =IF(AA11="",0,ROUND((((AB11-AA11)+1)/30),3)) -> 0
A12: 4 | B12: =IF($A12="","",VLOOKUP($A12,CIERRE!$B:$E,2,FALSE)) -> GRUPO YACAR INGENIERIA S.A.S | C12: ARTURO JURADO ALVARAN | D12: MINISTERIO DE DEFENSA NACIONAL - FUERZA AEREA COLOMBIANA | E12: 048-00-A-COFAC-DINSA-2016 | F12: C | G12: 0.35 | H12: 42541 | I12: 42885 | J12: =+AC12+AD12+AE12+AF12 -> 0 | K12: =IF(H12="",0,ROUND(((((I12-H12)+1)/360)*12)-J12,3)) -> 11.5 | L12: 4.9139181e+08 | M12: =ROUND(L12*G12,3) -> 1.7198713e+08 | N12: =IF(I12="",0,ROUND(M12/VLOOKUP(YEAR(I12),SMMLV!$C$3:$D$32,2,FALSE),2)) -> 233.13 | O12: =IFERROR(N12/(INFORMACION!$C$21),) -> 1.0622409 | P12: El contrato aportado no cumple con el numeral 3.5.2 “CARACTERÍSTICAS DE LOS CONTRATOS PRESENTADOS PARA ACREDITAR LA EXPERIENCIA EXIGIDA”. El contrato aportado para efectos de acreditación de la ejecución de experiencia especifica (Por lo menos uno (1) de los contratos válidos aportados como experiencia general deberá acreditar la CONSTRUCCION O CONFORMACION O ADECUACION O MANTENIMIENTO O NIVELACIÓN DE: FRANJAS DE SEGURIDAD O ROCERIAS DE FRANJAS DE SEGURIDAD.). No cumple
A13: 4 | B13: =IF($A13="","",VLOOKUP($A13,CIERRE!$B:$E,2,FALSE)) -> GRUPO YACAR INGENIERIA S.A.S | C13: ARTURO JURADO ALVARAN | D13: CORPOCALDAS | E13: 193-2017 | F13: I | G13: 1 | H13: 43034 | I13: 43368 | J13: =+AC13+AD13+AE13+AF13 -> 0 | K13: =IF(H13="",0,ROUND(((((I13-H13)+1)/360)*12)-J13,3)) -> 11.167 | L13: 2703845440 | M13: =ROUND(L13*G13,3) -> 2703845440 | N13: =IF(I13="",0,ROUND(M13/VLOOKUP(YEAR(I13),SMMLV!$C$3:$D$32,2,FALSE),2)) -> 3460.96 | O13: =IFERROR(N13/(INFORMACION!$C$21),) -> 15.769627 | P13: El contrato aportado no cumple con el numeral 3.5.2 “CARACTERÍSTICAS DE LOS CONTRATOS PRESENTADOS PARA ACREDITAR LA EXPERIENCIA EXIGIDA”. El contrato aportado para efectos de acreditación de la ejecución de experiencia especifica (Por lo menos uno (1) de los contratos válidos aportados como experiencia general deberá acreditar la CONSTRUCCION O CONFORMACION O ADECUACION O MANTENIMIENTO O NIVELACIÓN DE: FRANJAS DE SEGURIDAD O ROCERIAS DE FRANJAS DE SEGURIDAD.). No cumple | AC13: =IF(U13="",0,ROUND((((V13-U13)+1)/30),3)) -> 0 | AD13: =IF(W13="",0,ROUND((((X13-W13)+1)/30),3)) -> 0 | AE13: =IF(Y13="",0,ROUND((((Z13-Y13)+1)/30),3)) -> 0 | AF13: =IF(AA13="",0,ROUND((((AB13-AA13)+1)/30),3)) -> 0

Sheet RESUMEN CALIFICACION
A3: No. | B3: PROPONENTE | C3: CALIFICACIÓN JURIDICA | D3: CALIFICACIÓN FINANCIERA | E3: CALIFICACIÓN ORGANIZACIONAL | F3: CAPACIDAD RESIDUAL DE CONTRATACIÓN | G3: EXPERIENCIA GENERAL VTE | H3: EXPERIENCIA ESPECÍFICA 1 POR VALOR | I3: PORCENTAJE DE PARTICIPACIÓN EN PROPONENTE PLURAL | J3: CALIFICACIÓN TÉCNICA | K3: FACTORES DE COMPARACIÓN DE LAS PROPUESTAS | N3: OBSERVACIONES | O3: PORCENTAJE DE PARTICIPACIÓN EN PROPONENTE PLURAL | P3: CALIFICACIÓN TÉCNICA | Q3: FACTORES DE COMPARACIÓN DE LAS PROPUESTAS | U3: OBSERVACIONES
K4: Factor de Calidad (30) | L4: Apoyo a la industria nacional (20) | M4: Emprendimientos y empresas de mujeres (0.25) | Q4: Plan de Calidad (10) | R4: Criterios ambientales y sociales (20) | S4: Promoción a la industria nacional (20) | T4: Emprendimientos y empresas de mujeres (0.25)
A5: 1 | B5: =VLOOKUP($A5,CIERRE!$B:$E,2,FALSE) -> JULIAN ANDRES GOMEZ RAMIREZ | C5: =+VLOOKUP($A5,'CAPACIDAD JURIDICA'!$A:$AQ,42,FALSE) -> SUBSANAR | D5: =+VLOOKUP($A5,'CAPACIDAD FINANCIERA'!$A$2:$V$7,19,FALSE) -> SUBSANAR | E5: =+VLOOKUP($A5,'CAPACIDAD FINANCIERA'!$A$2:$V$7,20,FALSE) -> SUBSANAR | F5: =+VLOOKUP($A5,'CAPACIDAD FINANCIERA'!$A:$V,21,FALSE) -> SUBSANAR | G5: HABIL | H5: SUBSANAR | O5: HABIL | P5: SUBSANAR | Q5: 10 | R5: 20 | S5: 20 | T5: 0
A6: 2 | B6: =VLOOKUP($A6,CIERRE!$B:$E,2,FALSE) -> BIOSERVICIOS S.A.S. | C6: =+VLOOKUP($A6,'CAPACIDAD JURIDICA'!$A:$AQ,42,FALSE) -> HABIL | D6: =+VLOOKUP($A6,'CAPACIDAD FINANCIERA'!$A$2:$V$7,19,FALSE) -> HABIL | E6: =+VLOOKUP($A6,'CAPACIDAD FINANCIERA'!$A$2:$V$7,20,FALSE) -> HABIL | F6: =+VLOOKUP($A6,'CAPACIDAD FINANCIERA'!$A:$V,21,FALSE) -> SUBSANAR | G6: HABIL | H6: HABIL | O6: HABIL | P6: HABIL | Q6: 10 | R6: 20 | S6: 20 | T6: 0.25
A7: 3 | B7: =VLOOKUP($A7,CIERRE!$B:$E,2,FALSE) -> INGEVIAL PYM S.A.S. | C7: =+VLOOKUP($A7,'CAPACIDAD JURIDICA'!$A:$AQ,42,FALSE) -> SUBSANAR | D7: =+VLOOKUP($A7,'CAPACIDAD FINANCIERA'!$A$2:$V$7,19,FALSE) -> SUBSANAR | E7: =+VLOOKUP($A7,'CAPACIDAD FINANCIERA'!$A$2:$V$7,20,FALSE) -> SUBSANAR | F7: =+VLOOKUP($A7,'CAPACIDAD FINANCIERA'!$A:$V,21,FALSE) -> SUBSANAR | G7: HABIL | H7: HABIL | O7: HABIL | P7: HABIL | Q7: 10 | R7: 20 | S7: 20 | T7: 0.25
A8: 4 | B8: =VLOOKUP($A8,CIERRE!$B:$E,2,FALSE) -> GRUPO YACAR INGENIERIA S.A.S | C8: =+VLOOKUP($A8,'CAPACIDAD JURIDICA'!$A:$AQ,42,FALSE) -> HABIL | D8: =+VLOOKUP($A8,'CAPACIDAD FINANCIERA'!$A$2:$V$7,19,FALSE) -> HABIL | E8: =+VLOOKUP($A8,'CAPACIDAD FINANCIERA'!$A$2:$V$7,20,FALSE) -> HABIL | F8: =+VLOOKUP($A8,'CAPACIDAD FINANCIERA'!$A:$V,21,FALSE) -> HABIL | G8: SUBSANAR | H8: SUBSANAR | O8: HABIL | P8: SUBSANAR | Q8: 10 | R8: 20 | S8: 20 | T8: 0.25
